 Dungeon Crawl Stone Soup version 0.28-a0-834-g1a73be5ee4 (webtiles) character file.

Game seed: 13418532633289274217

408 Zenkrye the Vexing (level 6, -1/43 HPs)
             Began as a Barachi Arcane Marksman on Nov 11, 2021.
             Slain by an orc priest (12 damage)
             ... on level 5 of the Dungeon.
             The game lasted 00:15:46 (3759 turns).

Zenkrye the Vexing (Barachi Arcane Marksman)        Turns: 3759, Time: 00:15:47

Health: -1/43      AC:  3    Str: 12    XL:     6   Next: 88%
Magic:  4/7        EV: 12    Int: 14    God:
Gold:   232        SH:  0    Dex: 16    Spells: 3/7 levels left

rFire   . . .      SeeInvis .   j - +2 flail (vorpal)
rCold   . . .      Faith    .   (no shield)
rNeg    . . .      Spirit   .   d - +0 robe
rPois   +          Reflect  .   (no helmet)
rElec   .          Harm     .   (no cloak)
rCorr   +          Rampage  .   (no gloves)
Will    .....                   x - +0 pair of boots
Stlth   +.........              k - amulet of Cudduply {rPois Regen+ rCorr Dex+3}
HPRegen 1.14/turn               (no ring)
MPRegen 0.10/turn               (no ring)

@: slow
A: amphibious, slowness 1, strong legs 1, +LOS
a: Hop


You were on level 5 of the Dungeon.
You visited 1 branch of the dungeon, and saw 5 of its levels.

You collected 232 gold pieces.

Inventory:

Hand Weapons
 a - a +1 hand crossbow
 j - a +2 vorpal flail (weapon)
 n - the +0 mace "Mirina" {vorpal, rElec rC- Will+ Int+3 Dex+3}
   (You found it on level 4 of the Dungeon)

   It inflicts extra damage upon your enemies.
   Int:       It affects your intelligence (+3).
   Dex:       It affects your dexterity (+3).
   rC:        It makes you vulnerable to cold.
   rElec:     It insulates you from electricity.
   Will:      It increases your willpower.
 o - a +0 hunting sling {@w2}
 u - a +0 short sword
Missiles
 c - 36 bolts
 e - 17 sling bullets
 g - 38 poisoned darts (quivered)
 y - a throwing net {!f}
Armour
 d - a +0 robe (worn)
 m - a +0 ring mail
 s - a +1 buckler
 x - a +0 pair of boots (worn)
Magical Staves
 b - a staff of poison
Jewellery
 h - an amulet of faith
 k - the amulet of Cudduply (around neck) {rPois Regen+ rCorr Dex+3}
   (You acquired it on level 2 of the Dungeon)

   [amulet of regeneration]

   Dex:       It affects your dexterity (+3).
   rPois:     It protects you from poison.
   Regen:     It increases your rate of health regeneration.
   rCorr:     It protects you from acid and corrosion.
 t - an amulet of reflection
Scrolls
 w - a scroll of enchant weapon
Potions
 f - 3 potions of curing {@q1}
 r - 2 potions of resistance {@q6}
 v - a potion of flight


   Skills:
 - Level 1.2 Fighting
 - Level 2.0 Crossbows
 - Level 2.1 Dodging
 + Level 3.6 Shields
 - Level 1.1 Spellcasting
 + Level 6.6 Hexes
 + Level 2.4 Fire Magic


You had 3 spell levels left.
You knew the following spells:

 Your Spells              Type           Power      Damage    Failure   Level
a - Slow                  Hex            76%        N/A       1%          1
b - Inner Flame           Hex/Fire       13%        N/A       12%         3

Your spell library contained the following spells:

 Spells                   Type           Power      Damage    Failure   Level
 Portal Projectile        Hex/Tloc       20%        N/A       21%         3
 Cause Fear               Hex            9%         N/A       17%         4
 Iskenderun's Battlesphe  Conj           0%         2d6       100%        5
 Conjure Ball Lightning   Conj/Air       0%         3x3d6     100%        6
 Iron Shot                Conj/Erth      0%         9d1       100%        6
 Spellforged Servitor     Conj/Summ      0%         N/A       100%        7
 Discord                  Hex            9%         N/A       100%        8
 Disjunction              Tloc           0%         N/A       100%        8


Dungeon Overview and Level Annotations

Branches:
Dungeon (5/15)
 Temple: D:4-7

Altars:
Hepliaklqana

Shops:
D:2 !


Innate Abilities, Weirdness & Mutations

You are amphibious.
You cover ground slowly.
You can hop short distances.
You have an extended range of vision and can be seen from far away.


Message History

Aiming: Slow (safe; 1% risk of failure)
Press: ? - help, Shift-Dir - straight line, f/p - orc priest
Aim: an orc priest, wielding a +0 morningstar and wearing a +0 scale mail (chance to affect: 57%)
The orc priest resists with significant effort.
The orc priest calls down the wrath of Beogh upon you.
You barely resist.
Casting: Slow (safe; 1% risk of failure)
Confirm with . or Enter, or press ? or * to list all spells.
Aiming: Slow (safe; 1% risk of failure)
Press: ? - help, Shift-Dir - straight line, f/p - orc priest
Aim: an orc priest, wielding a +0 morningstar and wearing a +0 scale mail (chance to affect: 57%)
The orc priest resists with significant effort.
The orc priest looks braver for a moment.
Okay, then.
Unknown command.
j - a +2 vorpal flail (weapon)
The orc priest barely misses you.
You hit the orc priest but do no damage.
The orc priest invokes the aid of Beogh against you.
Beogh smites you!
The orc priest hits you with a +0 morningstar.
You hit the orc priest.
The orc priest is heavily wounded.
The orc priest closely misses you.
You closely miss the orc priest.
The orc priest is heavily wounded.
The orc priest hits you with a +0 morningstar!
You closely miss the orc priest.
The orc priest is heavily wounded.
The orc priest hits you with a +0 morningstar!
The orc priest misses you.
You closely miss the orc priest.
The orc priest is heavily wounded.
The orc priest hits you with a +0 morningstar!
* * * LOW HITPOINT WARNING * * *
You barely miss the orc priest.
The orc priest is heavily wounded.
The orc priest barely misses you.
The orc priest hits you with a +0 morningstar!
You die...

###########!#.# #.#
#)#.# #.# #.#.# #.#
#.#.# #.# #.#.# #.#
#.### #.# #.# #.#
#.#################.#
#.....@o............###
################......#
...............
########.......
#......... #........#
#........# #...(....#
###......#


You could see an orc priest.

Vanquished Creatures
  A phantom (D:5)
  A kobold brigand (D:4)
  A scorpion (D:4)
  A water moccasin skeleton (D:4)
  6 adders
  A shadow imp (D:4)
  2 ufetubi
  A worm (D:2)
  5 dart slugs
  5 orcs
  6 ball pythons
  5 bats
  5 endoplasms
  3 giant cockroaches
  3 hobgoblins
  9 kobolds
  4 quokkas
  4 frilled lizards
  7 goblins
  7 rats
77 creatures vanquished.

Vanquished Creatures (others)
  13 plants (D:4)
13 creatures vanquished.

Grand Total: 90 creatures vanquished

Notes
Turn   | Place    | Note
-------+----------+-------------------------------------------
     0 | D:1      | Zenkrye the Barachi Arcane Marksman began the quest for the
                  | Orb.
     0 | D:1      | Reached XP level 1. HP: 15/15 MP: 2/2
   128 | D:1      | Reached XP level 2. HP: 21/21 MP: 3/3
   166 | D:1      | Reached skill level 4 in Hexes
   371 | D:2      | Reached XP level 3. HP: 22/26 MP: 4/4
   556 | D:2      | Reached skill level 5 in Hexes
   620 | D:2      | Learned a level 3 spell: Inner Flame
   628 | D:2      | Found a hazy altar of Hepliaklqana.
  1016 | D:2      | Found Uqyron's Distillery.
  1031 | D:2      | Identified a scroll of acquirement
  1031 | D:2      | Acquired the amulet of Cudduply {rPois Regen+ rCorr Dex+3}
  1198 | D:3      | Found a faded altar of an unknown god.
  1218 | D:3      | Reached XP level 4. HP: 32/32 MP: 5/5
  1965 | D:3      | Reached skill level 1 in Shields
  2148 | D:4      | Noticed a necrophage
  2371 | D:4      | Noticed a scorpion
  2380 | D:4      | Killed a scorpion
  2381 | D:4      | Reached XP level 5. HP: 30/37 MP: 3/6
  2464 | D:4      | Reached skill level 6 in Hexes
  2573 | D:4      | Identified the +0 mace "Mirina" {vorpal, rElec rC- Will+
                  | Int+3 Dex+3}
  2924 | D:4      | Reached skill level 1 in Fire Magic
  2924 | D:4      | Reached XP level 6. HP: 41/43 MP: 7/7
  3477 | D:5      | Entered Level 5 of the Dungeon
  3490 | D:5      | Noticed an orc warrior
  3759 | D:5      | Slain by an orc priest

Illustrated notes

Levels and vault maps discovered:
D:1:      dpeg_arrival_pits, layout_rooms
D:2:      layout_rooms, basic_altar, serial_shops, nicolae_lakefront_shop,
          serial_curves, eino_curves_03, eino_curves_02, eino_curves_04,
          minmay_tromino_mix6
D:3:      minmay_chambers_of_threes, layout_basic,
          ebering_ecumenical_altar_petrified, chequers_serial_rivers_small_a
D:4:      layout_loops_corners, chequers_mini_garden, lexackson_kobold_supper
D:5:      layout_basic, minmay_temple_entry_slanted

Skill      XL: |  1  2  3  4  5  6 |
---------------+-------------------+-----
Hexes          | 4 5 6 |  6.6
Shields        | 2 3 |  3.6
Fire Magic     | 1 2 |  2.4
Fighting       | |  1.2
Crossbows      | |  2.0
Dodging        | |  2.1
Spellcasting   | |  1.1

Action                   |  1- 3 |  4- 6 || total
-------------------------+-------+-------++-------
Melee: Staff             |     2 |       ||     2
       Flail             |    11 |    26 ||    37
 Fire: Hand crossbow     |    58 |   112 ||   170
Throw: Dart              |    18 |       ||    18
 Cast: Slow              |       |    16 ||    16
       Inner Flame       |       |     4 ||     4
 Abil: Hop               |       |     3 ||     3
  Use: Scroll            |     3 |     8 ||    11
Armor: Robe              |     7 |    13 ||    20
Dodge: Dodged            |    18 |    78 ||    96

Table legend: (Time is in decaauts)
 A = Elapsed time spent in this place.
 B = Non-inter-level travel time spent in this place.
 C = Inter-level travel time spent in this place.
 D = Time resting spent in this place.
 E = Time spent auto-exploring this place.
 F = Levels seen in this place.
 G = Mean time per level.
                   A        B        C        D        E       F      G
               +--------+--------+--------+--------+--------+-----+--------+
         Total |   4434 |   4236 |    198 |    169 |   3167 |   5 |  886.8 |
       Dungeon |   4434 |   4236 |    198 |    169 |   3167 |   5 |  886.8 |
               +--------+--------+--------+--------+--------+-----+--------+

Top non-repeatable levels by time:
     D:3: 1494 daAuts
     D:4: 1290 daAuts
     D:2: 954 daAuts
     D:1: 383 daAuts
     D:5: 312 daAuts
